 Dungeon Crawl Stone Soup version 0.28-a0-823-gb444dcf96d (console) character file.

Game seed: 16689741374681102633

1881 petzl the Sneak (level 9, 0/59 HPs)
             Began as an Octopode Arcane Marksman on Nov 9, 2021.
             Slain by an adder (1 damage)
             ... on level 6 of the Dungeon.
             The game lasted 00:45:52 (11636 turns).

petzl the Sneak (Octopode Arcane Marksman)         Turns: 11636, Time: 00:45:53

Health: 0/59       AC:  1    Str:  9    XL:     9   Next: 14%
Magic:  18/18      EV: 14    Int: 19    God:
Gold:   176        SH:  0    Dex: 12    Spells: 19/20 levels left

rFire   . . .      SeeInvis .   b - +4 hand axe {!f =f}
rCold   . . .      Faith    .   (no shield)
rNeg    . . .      Spirit   .   (helmet restricted)
rPois   .          Reflect  .   (no amulet)
rElec   .          Harm     .   (no ring)
rCorr   .          Rampage  .   (no ring)
Will    .....                   (no ring)
Stlth   ++++......              (no ring)
HPRegen 0.19/turn               (no ring)
MPRegen 0.16/turn               (no ring)
                                (no ring)
                                (no ring)

@: lethally poisoned (0 -> -13)
A: almost no armour, amphibious, 8 rings, camouflage 1, gelatinous body 1,
(nimble swimmer 1), tentacles
a: no special abilities


You were on level 6 of the Dungeon.
You visited 2 branches of the dungeon, and saw 8 of its levels.
You also visited: Sewer.

You collected 246 gold pieces.
You spent 70 gold pieces at shops.

Inventory:

Hand Weapons
 a - a +0 hand crossbow
 b - a +4 hand axe (weapon) {!f =f}
 c - a +0 dagger {!f =f}
 p - the +9 dagger of Brawling {flame, *Slow Int+5, !f =f}
   (You found it on level 6 of the Dungeon)

   It burns those it strikes, dealing additional fire damage.
   Int:       It affects your intelligence (+5).
   *Slow:     It may slow you when you take damage.
 s - a +0 trident
Missiles
 g - 63 poisoned darts (quivered)
 o - 9 bolts
 t - a curare-tipped dart {!*}
Magical Staves
 f - a staff of cold
Jewellery
 i - an amulet of guardian spirit
Wands
 y - a wand of acid (7)
Scrolls
 d - 2 scrolls of blinking
 e - 2 scrolls of fear
 j - a scroll of enchant weapon
 n - 2 scrolls of silence
 r - 2 scrolls of teleportation
Potions
 k - a potion of flight {unknown}
 l - a potion of might {unknown}
 q - a potion of degeneration {unknown}
 u - a potion of haste {unknown}
 v - a potion of berserk rage {unknown}


   Skills:
 + Level 4.6 Fighting
 - Level 4.0 Crossbows
 - Level 4.0 Dodging
 + Level 6.3 Stealth
 * Level 6.2 Spellcasting
 - Level 3.0 Hexes
 - Level 3.0 Ice Magic
 - Level 3.0 Evocations


You had 19 spell levels left.
You knew the following spells:

 Your Spells              Type           Power      Damage    Failure   Level
a - Slow                  Hex            68%        N/A       3%          1

Your spell library contained the following spells:

 Spells                   Type           Power      Damage    Failure   Level
 Inner Flame              Hex/Fire       11%        N/A       19%         3
 Portal Projectile        Hex/Tloc       22%        N/A       19%         3
 Cause Fear               Hex            8%         N/A       32%         4


Dungeon Overview and Level Annotations

Branches:
Dungeon (7/15)             Temple (1/1) D:7           Sewer (visited)

Altars:
Ashenzari
Cheibriados
Dithmenos
Elyvilon
Gozag
Hepliaklqana
Kikubaaqudgha
Makhleb
Nemelex Xobeh
Okawaru
Sif Muna
Trog
Uskayaw
Wu Jian
Zin
The Shining One

Shops:
D:5 *

Annotations:
D:2 1 runed translucent door, Crazy Yiuf
D:5 1 exclusion, Dowan, Grinder
D:6 exclusion: downstairs


Innate Abilities, Weirdness & Mutations

You cannot wear most types of armour.
You are amphibious.
You can wear up to eight rings at the same time.
Your skin changes colour to match your surroundings (Stealth+).
Your rubbery body absorbs attacks. (AC +1, EV +1)
((You are camouflaged near water. (Stealth+)))
You have tentacles for arms and can constrict up to eight enemies at once.


Message History

You grab the adder. You constrict the adder. The adder closely misses you. x2
You barely miss the adder. You squeeze the adder.
The adder is heavily wounded.
You constrict the adder. The adder bites you. The adder misses you.
You release your grip on the adder.
The water moccasin bites you.
You are poisoned.
The water moccasin poisons you!
You feel very sick.
You feel very sick.
You miss the water moccasin. You grab the water moccasin.
You constrict the water moccasin.
You feel sick.
The water moccasin struggles to escape constriction.
The water moccasin escapes!
You barely miss the water moccasin. You grab the water moccasin.
The water moccasin is lightly wounded.
You constrict the water moccasin.
You feel sick. The water moccasin bites you.
You hit the water moccasin.
The water moccasin is heavily wounded.
You hit the adder. You constrict the water moccasin.
You feel sick. The water moccasin bites you! The adder barely misses you.
The water moccasin bites you. The adder completely misses you.
You barely miss the water moccasin.
The water moccasin is heavily wounded.
You miss the adder. You constrict the water moccasin.
You feel sick. The water moccasin misses you. The adder bites you.
* * * LOW HITPOINT WARNING * * *
The water moccasin closely misses you. The adder bites you.
* * * LOW HITPOINT WARNING * * *
Unknown command.
You hit the water moccasin.
The water moccasin is severely wounded.
You barely miss the adder. You constrict the water moccasin.
You feel sick. The water moccasin misses you. The adder bites you.
* * * LOW HITPOINT WARNING * * *
The water moccasin bites you!
* * * LOW HITPOINT WARNING * * *
You are more poisoned.
The water moccasin poisons you! The adder bites you.
You die...

#......# #.........
#......# #.........
#......# #.........
#####......# #.........
#....#####################'
#....# #................
#....# #................
#....######................
#..........................
#..........................
#..........................
#...........(..............
#.....##################'##
#.....#.........# .....#..#
#.....#.........# .....#..'
#.....#........##..5S.##..#
#.......S......##.....##..#
######S######.........#....
#S@....#......S..#....
#.÷....#.........#....
####......#####.....#...#
#...........#..##.....#...#
#...........#...# ....#...#
#.....######....+ ....#...#
#..... #.#### ...#...#
###### #....# ...#...#
#..(.#.....#....
#######....#.....#....
#..........#.....#...#
#..........#.....#...#
######..........#.....#....
#...............#.....#....
#...>.######....#.....#...#
#.....# #....'†....#...#
#.....# #....#.....#....
#.....# #....#.....#....
#.....# #..###.....'...#


You could see a water moccasin and an adder.

Vanquished Creatures
  Menkaure (D:4)
  2 black bears
  An ogre (D:5)
  A necrophage (D:4)
  6 kobold brigands (Sewer)
  A bullfrog (D:6)
  Blork the orc (D:4)
  3 scorpions
  A jelly (D:6)
  2 hounds
  A centaur zombie (D:5)
  3 orc priests
  A centaur skeleton (D:6)
  2 iguanas (D:4)
  An orc wizard (D:5)
  11 adders
  4 gnolls
  2 shadow imps
  A white imp (D:6)
  3 ufetubi
  An adder skeleton (D:5)
  4 worms
  13 orcs
  13 ball pythons
  6 bats
  11 endoplasms
  9 giant cockroaches
  8 goblins
  10 hobgoblins
  5 jackals
  5 quokkas
  8 frilled lizards
  20 kobolds
  14 rats
175 creatures vanquished.

Vanquished Creatures (others)
  3 fungi (D:2)
  2 plants (D:1)
  3 withered plants (D:1)
8 creatures vanquished.

Grand Total: 183 creatures vanquished

Notes
Turn   | Place    | Note
-------+----------+-------------------------------------------
     0 | D:1      | petzl the Octopode Arcane Marksman began the quest for the
                  | Orb.
     0 | D:1      | Reached XP level 1. HP: 13/13 MP: 2/2
   121 | D:1      | Reached XP level 2. HP: 18/18 MP: 3/3
   288 | D:1      | Reached skill level 1 in Stealth
   491 | D:1      | Reached XP level 3. HP: 19/23 MP: 5/5
  1747 | D:2      | Reached XP level 4. HP: 12/29 MP: 4/7
  2483 | D:2      | Found a runed translucent door.
  2484 | D:2      | Noticed Crazy Yiuf
  3252 | D:1      | Reached XP level 5. HP: 23/34 MP: 8/8
  3378 | D:1      | Found a faded altar of an unknown god.
  4597 | D:3      | HP: 1/34 [something (3)]
  5073 | D:4      | Noticed Blork the orc
  5100 | D:4      | Killed Blork the orc
  5101 | D:4      | Reached XP level 6. HP: 22/41 MP: 7/10
  5433 | D:4      | Noticed Menkaure
  5436 | D:4      | Noticed a necrophage
  5953 | D:4      | Killed a necrophage
  5986 | D:5      | Entered Level 5 of the Dungeon
  6060 | D:5      | Found a glowing drain.
  6108 | Sewer    | Entered a sewer
  6251 | Sewer    | Reached XP level 7. HP: 37/45 MP: 10/12
  7014 | Sewer    | Reached skill level 1 in Ice Magic
  7014 | Sewer    | Reached skill level 1 in Evocations
  7313 | Sewer    | Reached XP level 8. HP: 40/52 MP: 11/14
  7470 | D:5      | Found Jaaxeire's General Store.
  7478 | D:5      | Bought a scroll of identify for 28 gold pieces
  7478 | D:5      | Bought a potion of curing for 42 gold pieces
  7585 | D:5      | Noticed Grinder
  8342 | D:4      | Reached skill level 5 in Stealth
  8378 | D:4      | Killed Menkaure
  8379 | D:4      | Reached skill level 5 in Spellcasting
  8774 | D:5      | Found a hide-covered altar of Uskayaw.
  9373 | D:5      | Noticed Dowan
 10124 | D:6      | Identified the +9 dagger of Brawling {flame, *Slow Int+5}
 10196 | D:7      | Found a staircase to the Ecumenical Temple.
 10219 | Temple   | Entered the Ecumenical Temple
 11022 | D:6      | Reached XP level 9. HP: 33/59 MP: 17/17
 11636 | D:6      | HP: 1/59 [water moccasin (8)]
 11636 | D:6      | Slain by an adder

Illustrated notes

Levels and vault maps discovered:
D:1:      psy_arrival_heroes, layout_basic,
          shapermc_ecumenical_altar_flowoftime, minmay_crystal_water,
          st_stairs_14, minmay_worlds_worst_comb
D:2:      layout_loops_ring, kennysheep_doodads, minmay_cupped,
          uniq_crazy_yiuf_cottage
D:3:      layout_basic, kennysheep_generic_room_10
D:4:      layout_basic, uniq_blork_the_orc, uniq_menkaure
D:5:      layout_cave_pools, mainiacjoe_overflow_cross_hatched,
          portal_sewer_entry_b, serial_shops, nicolae_square_shop, uniq_duvessa,
          uniq_grinder
D:6:      layout_gridville, overflow_temple_1_default, uniq_edmund
D:7:      layout_cave_pools, minmay_temple_entry_statues_fountains
Temple:   regret_index_temple_generic_petals

Skill      XL: |  1  2  3  4  5  6  7  8  9 |
---------------+----------------------------+-----
Stealth        | 1 2 3 4 6 |  6.3
Spellcasting   | 2 3 4 5 6 |  6.2
Fighting       | 2 3 4 |  4.6
Crossbows      | 3 4 |  4.0
Dodging        | 3 4 |  4.0
Ice Magic      | 1 2 3 |  3.0
Evocations     | 1 3 |  3.0
Hexes          | |  3.0

Action                   |  1- 3 |  4- 6 |  7- 9 || total
-------------------------+-------+-------+-------++-------
Melee: Dagger            |    34 |       |       ||    34
       Constrict         |    10 |    33 |    38 ||    81
       Trident           |     8 |   114 |       ||   122
       Tentacles         |     8 |    24 |    26 ||    58
       Unarmed           |     5 |       |       ||     5
       Hand axe          |       |    36 |   166 ||   202
 Fire: Hand crossbow     |    64 |    22 |    28 ||   114
Throw: Dart              |     6 |    11 |    55 ||    72
 Cast: Slow              |     6 |     8 |    39 ||    53
Evoke: Wand              |       |       |     2 ||     2
  Use: Potion            |       |     2 |     4 ||     6
       Scroll            |       |     4 |     3 ||     7
 Stab: Sleeping          |     5 |     8 |    11 ||    24
Armor: Skin              |     7 |    11 |    16 ||    34
Dodge: Dodged            |    70 |   104 |   159 ||   333

Table legend: (Time is in decaauts)
 A = Elapsed time spent in this place.
 B = Non-inter-level travel time spent in this place.
 C = Inter-level travel time spent in this place.
 D = Time resting spent in this place.
 E = Time spent auto-exploring this place.
 F = Levels seen in this place.
 G = Mean time per level.
                   A        B        C        D        E       F      G
               +--------+--------+--------+--------+--------+-----+--------+
         Total |  11779 |  11599 |    180 |   5105 |   3441 |   9 | 1308.8 |
       Dungeon |  10183 |  10025 |    158 |   4531 |   2971 |   7 | 1454.7 |
        Temple |    275 |    253 |     22 |     50 |    185 |   1 |  275.0 |
         Sewer |   1320 |   1320 |      0 |    524 |    285 |   1 | 1320.0 |
               +--------+--------+--------+--------+--------+-----+--------+

Top non-repeatable levels by time:
     D:4: 2306 daAuts
     D:3: 2048 daAuts
     D:2: 1628 daAuts
     D:5: 1424 daAuts
     D:6: 1406 daAuts
   Sewer: 1320 daAuts
     D:1: 1249 daAuts
  Temple: 275 daAuts
     D:7: 120 daAuts
